 Dungeon Crawl Stone Soup version 0.23.2-1-ga50397a (webtiles) character file.

Game seed: 5975719414919585923

98 Borgoz the Chopper (level 4, 0/45 HPs)
             Began as a Hill Orc Monk on May 25, 2019.
             Succumbed to an adder's poison
             ... on level 2 of the Dungeon.
             The game lasted 00:02:50 (2114 turns).

Borgoz the Chopper (Hill Orc Monk)                  Turns: 2114, Time: 00:02:50

Health: 0/45       AC:  5    Str: 14    XL:     4   Next: 71%
Magic:  4/4        EV: 15    Int: 15    God:
Gold:   150        SH:  0    Dex: 13    Spells: 3/3 levels left

rFire    . . .     SeeInvis .   a - +0 hand axe
rCold    . . .     Gourm    .   (no shield)
rNeg     . . .     Faith    .   e - +0 ring mail
rPois    .         Spirit   .   (no helmet)
rElec    .         Reflect  .   (no cloak)
rCorr    .         Harm     .   (no gloves)
MR       .....     Rnd*Rage +   (no boots)
Stlth    +.........             (no amulet)
HPRegen  0.15/turn              d - +3 ring of evasion
MPRegen  0.09/turn              (no ring)

@: brilliant, lethally poisoned (0 -> -12)
A: berserk 1, robust 1
a: no special abilities


You were on level 2 of the Dungeon.
You were not hungry.

You visited 1 branch of the dungeon, and saw 2 of its levels.

You collected 150 gold pieces.

Inventory:

Hand Weapons
 a - a +0 hand axe (weapon)
Armour
 e - a +0 ring mail (worn)
Jewellery
 d - a +3 ring of evasion (left hand)
Scrolls
 b - a scroll of remove curse {unknown}
 f - a scroll of enchant weapon {unknown}
 g - 3 scrolls of identify {unknown}
 h - 2 scrolls of teleportation {unknown}
 i - a scroll of amnesia {unknown}
 j - a scroll of random uselessness {unknown}
Potions
 k - a potion of haste {unknown}
Comestibles
 c - 7 rations


   Skills:
 + Level 4.4 Fighting
 + Level 4.9 Axes
 + Level 2.1 Armour
 + Level 3.0 Dodging
 - Level 1.5 Stealth


You had 3 spell levels left.
You didn't know any spells.
Your spell library was empty.

Dungeon Overview and Level Annotations

Branches:
Dungeon (2/15)

Altars:
Cheibriados
Kikubaaqudgha
Sif Muna
Uskayaw


Innate Abilities, Weirdness & Mutations

You tend to lose your temper in combat.
You are robust. (+10% HP)


Message History

You kill the adder!
* * * LOW HITPOINT WARNING * * *
You feel sick.
* * * LOW HITPOINT WARNING * * *
You feel sick.
* * * LOW HITPOINT WARNING * * *
You feel sick.
You see here 4 poisoned needles.
* * * LOW HITPOINT WARNING * * *
You feel sick.
You see here a frilled lizard corpse.
* * * LOW HITPOINT WARNING * * *
You feel sick.
* * * LOW HITPOINT WARNING * * *
You feel sick.
* * * LOW HITPOINT WARNING * * *
You feel sick.
You see here a golden potion.
k - a golden potion You die...

.### ##.## ....#
...###...## ....
.#.##.....#####.######
.....>.......#.)..^...
.#.##........#(.######
♣P≈P♣#....≈≈♣)†.....#
≈P≈≈≈♣♣≈≈♣♣♣♣≈..#.#.##.#
≈≈≈≈P♣♣♣♣≈≈PP♣♣......%.#
≈≈≈≈≈≈≈P≈≈≈≈≈≈≈≈@.≈P####
..................≈P♣
≈≈P≈≈≈≈≈≈≈≈≈≈P≈≈.≈≈PP≈#
≈≈≈P≈≈P≈≈≈P≈≈≈≈≈.≈≈≈≈P≈#
≈≈≈≈P≈♣♣≈≈≈≈≈≈≈≈.≈≈≈≈≈≈♣
#♣♣≈≈P...♣♣♣♣≈≈≈.≈≈≈≈≈≈P
.##.......P♣♣♣≈≈.≈≈≈P≈P≈
.###...#...≈♣♣≈≈.≈≈≈≈≈≈≈
.# ##.##...♣♣


There were no monsters in sight!

Vanquished Creatures
  4 adders (D:2)
  An ooze (D:2)
  2 dart slugs (D:1)
  2 worms (D:2)
  8 goblins (D:1)
  11 hobgoblins
  A ball python (D:1)
  8 bats
  2 frilled lizards
  9 kobolds
  A rat (D:1)
49 creatures vanquished.

Notes
Turn   | Place    | Note
-------+----------+-------------------------------------------
     0 | D:1      | Borgoz the Hill Orc Monk began the quest for the Orb.
     0 | D:1      | Reached XP level 1. HP: 19/19 MP: 1/1
   257 | D:1      | Reached XP level 2. HP: 23/27 MP: 2/2
   492 | D:1      | Reached skill level 1 in Armour
   565 | D:1      | Reached XP level 3. HP: 32/33 MP: 3/3
  1524 | D:2      | Reached XP level 4. HP: 30/40 MP: 4/4
  1935 | D:2      | Found a hide-covered altar of Uskayaw.
  1953 | D:2      | Found a snail-covered altar of Cheibriados.
  1960 | D:2      | Found a deep blue altar of Sif Muna.
  1967 | D:2      | Found an ancient bone altar of Kikubaaqudgha.
  2102 | D:2      | Gained mutation: You are resistant to electric shocks.
                  | (rElec) [potion of mutation]
  2102 | D:2      | Lost mutation: You are resistant to electric shocks.
                  | (rElec) [potion of mutation]
  2102 | D:2      | Gained mutation: You tend to lose your temper in combat.
                  | [potion of mutation]
  2102 | D:2      | Gained mutation: You are robust. (+10% HP) [potion of
                  | mutation]
  2111 | D:2      | HP: 2/45 [poisoned by an adder]
  2114 | D:2      | Succumbed to an adder's poison

Skill      XL: |  1  2  3  4 |
---------------+-------------+-----
Armour         | 1 2 |  2.1
Fighting       | 4 |  4.4
Dodging        | 3 |  3.0
Axes           | |  4.9
Stealth        | |  1.5

Action                   |  1- 3 |  4- 6 || total
-------------------------+-------+-------++-------
Melee: Hand axe          |   141 |    75 ||   216
  Use: Potion            |       |     3 ||     3
  Eat: Chunk             |     2 |     2 ||     4
Armor: Robe              |     7 |       ||     7
       Ring mail         |    38 |    32 ||    70
Dodge: Dodged            |   135 |    87 ||   222
